AoeStats
← Alemdar

Arabia

513856482Analyzed
1v1 RM · 2d ago on Oct 15, 2026· 39m 42s· 2 players
Game mode
Random Map
Map size
Tiny (2 player)
Population
200
Speed
Normal
Resources
Standard
Victory
Conquest
Starting age
Dark Age
Ending age
Imperial Age
RankedLock teamsTeams togetherTeam positionsShared explorationLock speedFull tech treeHidden civsTurbo modeCheats
Victory
Defeat
🇹🇷 Cumans · Türkiye
1280
+17
vs
🇧🇷 Saracens · Brazil
1291
-17
Alemdar
9:51 Loom
11:57 Feudal Age
15:58 Castle Age
19:08 Fletching
20:24 Bodkin Arrow
22:58 Padded Archer Armor
28:57 Ballistics
29:32 Horse Collar
34:58 Capped Ram
KILIM
7:15 Loom
9:26 Feudal Age
10:18 Double-Bit Axe
17:24 Fletching
19:59 Castle Age
18:47 Scale Barding Armor
20:32 Forging
20:35 Bloodlines
21:29 Crossbowman
22:14 Thumb Ring
Connection lost

Rejoining the realm…

Still unreachable

The connection could not be restored.

Session expired

The server has moved on; the page needs a fresh start.